[Event "Nanjing Pearl Spring 3rd"]
[Site "Nanjing"]
[Date "2010.10.20"]
[Round "1"]
[White "Topalov, Veselin"]
[Black "Gashimov, Vugar"]
[Result "1/2-1/2"]
[ECO "D16"]
[WhiteElo "2803"]
[BlackElo "2719"]
[Annotator "Edouard,R"]
[PlyCount "109"]
[EventDate "2010.10.20"]
[EventType "tourn"]
[EventRounds "10"]
[EventCountry "CHN"]
[EventCategory "21"]
[SourceTitle "CBM 139"]
[Source "ChessBase"]
[SourceDate "2010.11.18"]
[SourceVersion "1"]
[SourceVersionDate "2010.11.18"]
[SourceQuality "1"]
[TimeControl "40/7200:20/3600:900+30"]

1. d4 d5 2. c4 c6 3. Nf3 Nf6 4. Nc3 dxc4 5. a4 e6 6. e3 c5 7. Bxc4 cxd4 8. Qxd4
$5 {This move has been played only three times!} (8. exd4 {is main, of course.}
) 8... Qxd4 9. Nxd4 a6 10. e4 Bc5 (10... Bb4 {was another possibility (though .
..Bc5 seems more logical) and}) (10... Bd7 $146 {is given by the engine at
huge depth.}) 11. Nb3 Bb4 12. f3 Nc6 13. Be3 Bd7 14. Kf2 Rc8 15. Be2 Na5 16.
Nxa5 Bxa5 17. g4 $14 Bc6 {Here I like two other ideas for White.} 18. Rhd1 (18.
Na2 $1 {followed by b4, b5, with some undiscussable advantage, as} Bxa4 $2 {
loses to} 19. Nc1 $18 {and}) (18. g5 $5 Nd7 19. Nb5 axb5 20. axb5 Bxe4 21. Rxa5
Bd5 22. Ra3 $14) 18... Bc7 $1 19. h4 Be5 20. Rac1 O-O 21. b3 Rfd8 22. Rxd8+
Rxd8 23. Nb1 (23. Na2 $5) 23... Be8 24. Rc2 Nd7 25. Nd2 Bd6 26. f4 e5 27. f5
Kf8 28. g5 f6 29. h5 fxg5 30. Bxg5 Be7 31. Bxe7+ Kxe7 32. Ke3 h6 33. Rc7 Rb8 {
Strangely, it is not easy at all to break Black's defense.} 34. a5 Kd8 35. Rc1
Ke7 36. Rg1 (36. b4 Nf6 {is not so easy either.}) 36... Kf8 37. Nc4 Bf7 38. b4
Rc8 39. Nd6 Rc7 40. Nxf7 (40. Rb1 $5 {could just win one tempo, thought I
didn't manage to refute clearly 40...Bg8. I believe there must be a win for
White in the next lines, which I couldn't find shortly enough:} Bg8 41. b5 axb5
42. Rxb5 Nc5 43. Rb6 Bb3 (43... Ke7 $2 44. f6+ $1 gxf6 45. Nf5+ $18) (43... Bf7
44. Nxf7 Kxf7 45. Bc4+ Ke7 46. Bd5 $18) 44. Rb4 $5 (44. Nxb7 $2 Nxb7 $8 45.
Rxb3 Nxa5 46. Rb5 Rc3+ 47. Bd3 Ra3 {is much less precise.}) 44... Ke7 (44...
Bg8 45. Bc4 $18) 45. Nxb7 (45. Nc4 $5 Bxc4 46. Bxc4 Kf6 $8 47. Rb6+ (47. Bd5
Kg5 {maintains some chances.}) 47... Kg5 48. Be2 Kh4 49. Rb1 Nd7 50. Rh1+ Kg5
51. Rg1+ Kf6 52. Bb5 Nf8 53. Kd3 Rc5 54. Rb1 Nh7 {is not easy.}) 45... Nxb7 $8
(45... Rxb7 46. Rxb7+ Nxb7 47. a6 $18) 46. Rxb3 Nxa5 47. Rb5 Rc3+ (47... Nc6
48. Rc5 Kd6 49. Rd5+ Ke7 50. Bb5 $18) 48. Bd3 Nc6 49. Rb7+ Kf8 $8 (49... Kf6
50. Rc7 Rc5 51. Bb1 $1 {followed by Ba2+-.}) 50. Rc7 Rc5 51. Bb1 $1 (51. Kd2
Nd4 52. Rxc5 Nb3+ 53. Kc3 Nxc5 54. Kc4 Nd7 55. Kd5 Ke7 56. Bb5 Nf6+ 57. Kxe5
Nxh5 $11) 51... Rc3+ 52. Kd2 Rb3 53. Rc8+ (53. Bc2 Rb6 54. Bd3 Nb4 55. Bc4 Rc6
56. Rf7+ Ke8 57. Be6 Rc2+ 58. Ke3 Rc3+ 59. Ke2 Rc2+ 60. Kf3 Rc3+ {with the
idea of} 61. Kg4 Nd3 $1 $11) 53... Ke7 54. Rxc6 Rxb1 55. Re6+ Kf7 56. Rxe5 Rb3
{and Black should get a draw.}) 40... Kxf7 41. Rb1 Ke7 42. Rg1 Kf7 43. Rd1 Rc3+
44. Rd3 Rxd3+ 45. Kxd3 Ke7 46. Kc4 Kd6 47. b5 axb5+ 48. Kxb5 Kc7 49. Bf3 Kd6 {
Now, Black holds.} 50. Bd1 Kc7 51. Bc2 Kd6 52. Bb1 Kc7 53. Bc2 Kd6 54. Bb1 Kc7
55. Bc2 1/2-1/2